 Dungeon Crawl Stone Soup version 0.17.2-1-ge4368a0 (console) character file.

81 Goblin1989 the Insei (level 4, -3/34 HPs)
             Began as a Demonspawn Wanderer on Oct 15, 2016.
             Was an Initiate of Okawaru.
             Slain by a worm (9 damage)
             ... on level 2 of the Dungeon.
             The game lasted 00:06:38 (1851 turns).

Goblin1989 the Insei (Demonspawn Wanderer)          Turns: 1851, Time: 00:06:39

Health: -3/34      AC:  2    Str: 13    XL:     4   Next: 19%
Magic:  4/4        EV: 12    Int: 12    God:    Okawaru [......]
Gold:   52         SH:  0    Dex: 14    Spells: 0 memorised, 3 levels left

rFire  . . .     SeeInvis .     u - +0 mace
rCold  . . .     Clarity  .     e - +0 robe
rNeg   . . .     SustAt   .     (no shield)
rPois  .         Gourm    .     (no helmet)
rElec  .         Spirit   .     (no cloak)
rCorr  .         Warding  .     (no gloves)
rMut   .         Stasis   .     (no boots)
MR     .....                    (no amulet)
Stlth  +.........               (no ring)
                                (no ring)

@: not resistant to hostile enchantments, very unstealthy
A: hooves 1, powered by death 1
a: Renounce Religion


You were on level 2 of the Dungeon.
You worshipped Okawaru.
Okawaru was noncommittal.
You were not hungry.

You visited 1 branch of the dungeon, and saw 2 of its levels.

You collected 52 gold pieces.

Inventory:

Hand Weapons
 u - a +0 mace (weapon)
Armour
 e - a +0 robe (worn)
 f - a +0 pair of gloves
 k - a +0 helmet
Jewellery
 q - an uncursed ring of sustain attributes {unknown}
Wands
 d - a wand of random effects (15)
Scrolls
 b - a scroll of recharging {unknown}
 h - a scroll of identify {unknown}
 i - 2 scrolls of amnesia {unknown}
 l - a scroll of fog {unknown}
 m - 2 scrolls of remove curse {unknown}
 n - a scroll of random uselessness {unknown}
 o - a scroll of teleportation {unknown}
 p - 2 scrolls of noise {unknown}
 v - a scroll of enchant armour {unknown}
 B - a scroll of blinking
Potions
 a - a potion of berserk rage {!q}
 c - 3 potions of curing {@q1}
 r - a potion of lignification {unknown}
Comestibles
 g - 3 bread rations {@e1}
 j - a beef jerky
 t - a meat ration {@e2}


   Skills:
 - Level 2.3 Fighting
   Level 1.0 Long Blades
 + Level 0.5 Maces & Flails
 - Level 1.0 Throwing
 - Level 1.7 Dodging
 - Level 1.0 Stealth
 - Level 4.0 Unarmed Combat
 - Level 1.0 Evocations


You had 3 spell levels left.
You didn't know any spells.

Dungeon Overview and Level Annotations

Branches:
Dungeon (2/15)

Altars:
Okawaru
The Shining One


Innate Abilities, Weirdness & Mutations

You have large cloven feet.
You regenerate a little health from kills.


Message History

You are too injured to fight recklessly!
You are too injured to fight recklessly!
You are too injured to fight recklessly!
You are too injured to fight recklessly!
You are too injured to fight recklessly!
You are too injured to fight recklessly!
You are too injured to fight recklessly!
You are too injured to fight recklessly!
Unknown command.
All of the chunks of flesh in your inventory have rotted away.
Unknown command.
You hit the worm. You kick the worm, but do no damage.
The worm is moderately wounded.
The worm bites you!
* * * LOW HITPOINT WARNING * * *
You take 10 damage, and have 6/34 hp.
MASSIVE DAMAGE!!
You hit the worm. You kick the worm, but do no damage.
The worm is heavily wounded.
The worm bites you!
You die...

ਜਜ.<.≈..ਜ ਜਜ...≈.≈.ਜਜ
ਜ....≈.≈..ਜ
ਜ....≈.P..ਜ
ਜ.....≈...ਜ
ਜ..!).....ਜ ...
ਜ.........ਜਜ.>..ਜਜਜਜ
ਜਜ...w..........ਜ..ਜਜਜ
ਜ....@....ਜਜ.........ਜ
ਜ..........ਜ...ਜ..(..ਜ
ਜ............ਜ........
ਜ.........ਜ..ਜਜ.......
ਜ.........ਜ...ਜ.....ਜ.
ਜਜ..[.......ਜ.ਜ.ਜ..ਜ..
ਜਜ.....<ਜਜਜਜ...ਜ..ਜ.ਜ
ਜਜਜਜਜ....(.....ਜਜਜ.ਜ
ਜ............ਜਜ...


You could see a worm.

Vanquished Creatures
  An adder (D:2)
  An ooze (D:2)
  3 worms (D:2)
  A giant gecko (D:1)
  10 giant cockroaches
  5 goblins
  6 hobgoblins
  12 jackals
  2 bats
  3 giant newts
  A kobold (D:1)
  10 rats
55 creatures vanquished.

Notes
Turn   | Place    | Note
--------------------------------------------------------------
     0 | D:1      | Goblin1989 the Demonspawn Wanderer began the quest for the Orb.
     0 | D:1      | Goblin1989 set off with: a potion of berserk rage {!q}, a potion of curing {@q1}, a wand of random effects (15), a +0 robe, a +0 dagger, a bread ration {@e1}, a scroll of blinking
     0 | D:1      | Reached XP level 1. HP: 15/15 MP: 1/1
    26 | D:1      | Found an iron altar of Okawaru.
    39 | D:1      | Became a worshipper of Warmaster Okawaru
   150 | D:1      | Reached skill level 3 in Unarmed Combat
   486 | D:1      | Gained mutation: You regenerate a little health from kills. [demonic ancestry]
   486 | D:1      | Reached XP level 2. HP: 14/21 MP: 2/2
  1172 | D:1      | Reached XP level 3. HP: 26/26 MP: 3/3
  1648 | D:2      | Reached skill level 4 in Unarmed Combat
  1648 | D:2      | Gained mutation: You have large cloven feet. [demonic ancestry]
  1648 | D:2      | Reached XP level 4. HP: 24/33 MP: 4/4
  1753 | D:2      | Found a glowing golden altar of the Shining One.
  1851 | D:2      | Slain by a worm

Action                   |  1- 3 |  4- 6 || total
-------------------------+-------+-------++-------
Melee: Unarmed           |   256 |     2 ||   258
       Mace              |       |    14 ||    14
 Stab: Sleeping          |     3 |     1 ||     4
  Eat: Chunk             |     3 |       ||     3

Vault maps used:
D:1:      dpeg_arrival_lava_temple_mockup, minmay_misc_feat_square,
          minmay_misc_feat_diagonals, okawaru_ov_weapons_minmay
D:2:      nicolae_tso_swordbearing_angel, serial_bayou, serial_bayou_crossing,
          serial_bayou_lagoon_a, serial_bayou_pond_e, serial_bayou_pond_d,
          serial_bayou_pond_d
